AoeStats
← 体制少妇白洁

African Clearing

506642582Analyzed
4v4 RM · 18d ago on Sep 14, 2026· 36m 36s· 8 players
Game mode
Random Map
Map size
Large (8 player)
Population
200
Speed
Normal
Resources
Standard
Victory
Conquest
Starting age
Dark Age
Ending age
Imperial Age
RankedLock teamsTeams togetherTeam positionsShared explorationLock speedFull tech treeHidden civsTurbo modeCheats
Victory
Defeat
🇨🇳 Berbers · China
1523
+15
🇫🇷 Huns · France
1517
+15
🇨🇳 Berbers · China
1457
+18
🇺🇸 Romans · United States
1455
+18
🇨🇳 Cumans · China
1573
-20
🇭🇰 Dravidians · Hong Kong SAR China
1558
-19
🇨🇳 Vietnamese · China
1440
-14
🇨🇳 Magyars · China
1417
-13
B.
12:18 Feudal Age
12:51 Double-Bit Axe
14:25 Horse Collar
15:11 Forging
17:59 Loom
20:51 Castle Age
20:07 Fletching
20:17 Padded Archer Armor
20:29 Bloodlines
22:07 Bodkin Arrow
22:52 Husbandry
25:13 Ballistics
25:16 Leather Archer Armor
29:26 Thumb Ring
30:20 Elite Skirmisher
虎!虎!虎!
8:39 Loom
14:37 Feudal Age
15:33 Double-Bit Axe
18:34 Castle Age
18:35 Horse Collar
19:40 Bow Saw
19:16 Fishing Lines
21:42 Fletching
25:17 Bodkin Arrow
25:57 Gold Mining
27:48 Wheelbarrow
26:59 Town Watch
27:56 Padded Archer Armor
28:19 Husbandry
28:30 Bloodlines
28:38 Bloodlines
29:28 Ballistics
29:54 Gillnets
35:11 Imperial Age
34:29 Gold Shaft Mining
33:44 Stone Mining
34:19 Scale Barding Armor
34:31 Leather Archer Armor
35:39 Chain Barding Armor
35:29 Forging
36:09 Bracer
36:15 Light Cavalry
网恋被骗50块
6:10 Loom
13:19 Feudal Age
15:27 Double-Bit Axe
17:58 Castle Age
16:12 Stone Mining
16:16 Fletching
16:07 Horse Collar
17:13 Padded Archer Armor
17:20 Gold Mining
19:20 Wheelbarrow
19:39 Bodkin Arrow
21:03 Bloodlines
26:33 Leather Archer Armor
26:19 Husbandry
26:24 Town Watch
32:44 Kasbah
33:12 Thumb Ring
34:23 Gold Shaft Mining
37:37 Imperial Age
35:53 Hand Cart
36:10 Ballistics
UBERstrats
4:10 Loom
13:49 Feudal Age
14:44 Double-Bit Axe
18:17 Castle Age
17:07 Double-Bit Axe
27:49 Wheelbarrow
27:26 Town Watch
28:59 Horse Collar
34:40 Hand Cart
35:36 Heavy Plow
咽语习言
10:22 Loom
12:07 Feudal Age
13:27 Double-Bit Axe
14:15 Horse Collar
16:40 Castle Age
17:42 Bow Saw
17:32 Heavy Plow
21:03 Stone Mining
21:04 Gold Mining
21:03 Loom
21:54 Wheelbarrow
23:56 Town Watch
24:16 Padded Archer Armor
24:07 Fletching
25:17 Leather Archer Armor
25:18 Bloodlines
25:09 Husbandry
25:47 Bodkin Arrow
26:10 Thumb Ring
27:46 Elite Skirmisher
29:54 Ballistics
31:08 Hand Cart
36:45 Imperial Age
35:14 Scale Barding Armor
35:20 Forging
Long-Long-Way
13:51 Loom
16:01 Feudal Age
16:46 Double-Bit Axe
19:34 Castle Age
18:26 Horse Collar
18:38 Fletching
19:37 Fishing Lines
20:45 Bow Saw
25:02 Padded Archer Armor
25:56 Bodkin Arrow
30:08 Ballistics
31:07 Leather Archer Armor
30:47 Town Watch
32:08 Heavy Plow
33:40 Gillnets
38:43 Imperial Age
cookie tin
10:01 Loom
14:18 Feudal Age
14:55 Double-Bit Axe
15:35 Town Watch
19:02 Castle Age
17:03 Stone Mining
17:13 Horse Collar
19:03 Scale Barding Armor
20:21 Bow Saw
26:36 Wheelbarrow
28:10 Gold Mining
30:54 Hand Cart
31:16 Chain Barding Armor
35:13 Bloodlines
35:03 Husbandry
体制少妇白洁
8:26 Loom
11:58 Feudal Age
11:58 Man-at-Arms
13:57 Arson
14:16 Double-Bit Axe
21:14 Castle Age
Connection lost

Rejoining the realm…

Still unreachable

The connection could not be restored.

Session expired

The server has moved on; the page needs a fresh start.